 Dungeon Crawl Stone Soup version 0.20.1-1-g8b1a95d (webtiles) character file.

275 sanboga the Shield-Bearer (level 6, 0/48 HPs)
             Began as a Formicid Fighter on Dec 12, 2017.
             Was an Initiate of Qazlal.
             Succumbed to an orc wizard's poison
             ... on level 4 of the Dungeon.
             The game lasted 00:10:28 (2487 turns).

sanboga the Shield-Bearer (Formicid Fighter)        Turns: 2487, Time: 00:10:28

Health: 0/48       AC: 14    Str: 22    XL:     6   Next: 50%
Magic:  6/6        EV:  3    Int:  8    God:    Qazlal [......]
Gold:   215        SH: 15    Dex: 10    Spells: 5/5 levels left

rFire    . . .     SeeInvis +   a - +0 long sword
rCold    . . .     Gourm    .   k - +0 large shield
rNeg     . . .     Faith    .   s - +0 plate armour
rPois    .         Spirit   .   (helmet unavailable)
rElec    .         Reflect  .   (no cloak)
rCorr    .         Harm     .   l - +2 pair of gloves
MR       .....                  (no boots)
Stlth    ..........             (no amulet)
Regen    0.2/turn               (no ring)
MPRegen  0.1/turn               (no ring)

@: lethally poisoned (0 -> -36), drained
A: permanent stasis, dig shafts and tunnels, four strong arms, antennae 3
a: Dig, Shaft Self, Renounce Religion


You were on level 4 of the Dungeon.
You worshipped Qazlal.
Qazlal was noncommittal.
You were very hungry.

You visited 1 branch of the dungeon, and saw 4 of its levels.

You collected 215 gold pieces.

Inventory:

Hand Weapons
 a - a +0 long sword (weapon)
Armour
 k - a +0 large shield (worn)
 l - a +2 pair of gloves (worn)
 s - a +0 plate armour (worn)
Scrolls
 e - a scroll of fog
 g - 2 scrolls of remove curse
 m - a scroll of fear {unknown}
Potions
 c - a potion of ambrosia {unknown}
 d - a potion of might
 i - a potion of curing
 j - a potion of mutation {unknown}
 o - a potion of brilliance {unknown}
 p - 2 potions of cancellation
Comestibles
 f - 5 royal jellies
 h - a bread ration
 n - a fruit
 q - 2 meat rations


   Skills:
 + Level 4.1(3.9) Fighting
 + Level 3.7(3.5) Long Blades
 + Level 4.0(3.8) Armour
 + Level 0.3(0.1) Dodging
 + Level 0.3(0.1) Stealth
 + Level 5.9(5.7) Shields


You had 5 spell levels left.
You didn't know any spells.

Dungeon Overview and Level Annotations

Branches:
Dungeon (4/15)
 Temple: D:4-7

Altars:
Qazlal


Innate Abilities, Weirdness & Mutations

You cannot be hasted, slowed, berserked, paralysed or teleported.
You can dig through walls and to a lower floor.
Your four strong arms can wield two-handed weapons with a shield.
You have a pair of large antennae on your head. (SInv)


Message History

The orc priest calls down the wrath of Beogh upon you.
Pain shoots through your body!
The orc priest hits you but does no damage.
You hit the orc wizard.
The orc wizard is moderately wounded.
You feel very sick.
The orc wizard points at you and mumbles some strange words.
You resist with some effort. The orc priest hits you with a dagger.
The orc priest hits you but does no damage.
You slash the orc wizard!
You kill the orc wizard!
Qazlal accepts your kill.
* * * LOW HITPOINT WARNING * * *
You feel very sick. You block the orc priest's attack.
The orc priest mumbles some strange prayers to Beogh against you.
Beogh smites you!
* * * LOW HITPOINT WARNING * * *
The orc priest hits you but does no damage.
You die...

#..# #..## #..####
#...### #
##....### #.
##.##....#### .#
##.#####.....###.#
###.### ###......#
#.o@o.# ###....##
#...$......#
##..#.#
#............#
##....
.............#
#....
............>.#
#....
............>.#
#....
..............#
##....
......../......
#....# ##.###


You could see 2 orc priests.

Vanquished Creatures
  The ghost of sanboga the Shield-Bearer, an amateur TrFi (D:3)
  Terence (D:3)
  An orc wizard (D:4)
  6 adders
  An ooze (D:1)
  2 worms
  3 dart slugs
  3 orcs
  4 giant cockroaches
  3 goblins (D:1)
  8 hobgoblins
  8 jackals (D:1)
  2 quokkas (D:3)
  2 ball pythons
  4 bats
  5 frilled lizards
  5 kobolds
  4 rats
63 creatures vanquished.

Notes
Turn   | Place    | Note
-------+----------+-------------------------------------------
     0 | D:1      | sanboga the Formicid Fighter began the quest for the Orb.
     0 | D:1      | Reached XP level 1. HP: 18/18 MP: 1/1
     9 | D:1      | Noticed a hound
     9 | D:1      | Noticed an anaconda
     9 | D:1      | Noticed a rime drake
    10 | D:1      | Noticed a swamp worm
    10 | D:1      | Noticed a killer bee
   190 | D:1      | Reached XP level 2. HP: 24/24 MP: 2/2
   272 | D:1      | Reached skill level 4 in Shields
   605 | D:1      | Reached XP level 3. HP: 30/30 MP: 3/3
  1407 | D:2      | Reached XP level 4. HP: 37/37 MP: 4/4
  1760 | D:3      | Reached XP level 5. HP: 40/42 MP: 5/5
  1804 | D:3      | Noticed sanboga's ghost (amateur TrFi)
  1830 | D:3      | Killed sanboga's ghost
  1830 | D:3      | Reached skill level 5 in Shields
  1830 | D:3      | Reached XP level 6. HP: 43/48 MP: 6/6
  2228 | D:3      | Noticed Terence
  2244 | D:3      | Killed Terence
  2302 | D:3      | Found a stormy altar of Qazlal.
  2311 | D:3      | Became a worshipper of Qazlal Stormbringer
  2487 | D:4      | Succumbed to an orc wizard's poison

Skill      XL: |  1  2  3  4  5  6 |
---------------+-------------------+-----
Shields        | 4 5 |  5.9
Fighting       | 4 |  4.1
Long Blades    | 3 |  3.7
Armour         | 4 |  4.0
Dodging        | |  0.3
Stealth        | |  0.3

Action                   |  1- 3 |  4- 6 || total
-------------------------+-------+-------++-------
Melee: Long sword        |   117 |   206 ||   323
 Abil: Dig               |    15 |     1 ||    16
  Use: Scroll            |     8 |     2 ||    10
       Potion            |     1 |     2 ||     3
  Eat: Chunk             |     3 |       ||     3
       Bread ration      |     2 |       ||     2
Armor: Scale mail        |    30 |       ||    30
       Plate armour      |    17 |   125 ||   142
Dodge: Dodged            |    44 |    39 ||    83
Block: Shield            |    73 |    26 ||    99
       Large shield      |       |   137 ||   137
       Rpst.: Long sword |    12 |    11 ||    23
